 Dungeon Crawl Stone Soup version 0.30.0-29-ga12c61a403 (webtiles) character file.

Game seed: 2869424055693245927

681 hawla the Firebug (level 8, -1/58 HPs)
             Began as a Meteoran Fire Elementalist on June 25, 2023.
             Slain by a hound (3 damage)
             ... on level 5 of the Dungeon.
             The game lasted 00:06:38 (1509 turns).

hawla the Firebug (Meteoran Fire Elementalist)      Turns: 1509, Time: 00:06:38

Health: -1/58      AC:  4    Str:  9    XL:     8   Next: 15%
Magic:  0/15       EV: 13    Int: 19    God:
Gold:   97         SH:  5    Dex: 15    Spells: 8/15 levels left

rFire   . . .        c - +0 halberd
rCold   . . .        (shield currently unavailable)
rNeg    . . .        i - +2 robe {Will+}
rPois   .            (no helmet)
rElec   .            (no cloak)
rCorr   .            (no gloves)
SInv    .            (no boots)
Will    ++...        n - amulet of reflection
Stlth   +            (no ring)
HPRegen 0.29/turn    (no ring)
MPRegen 0.14/turn

%: reflection
@: mighty, lethally poisoned (-1 -> -2), glowing
A: sense surroundings 1, otherworldly, glowing, explore regen
a: no special abilities


You were on level 5 of the Dungeon.
You visited 1 branch of the dungeon, and saw 5 of its levels.

You collected 97 gold pieces.

Inventory:

Hand Weapons
 c - a +0 halberd (weapon)
 j - the +9 trident of Wounding {flame, Will+}
   (You found it on level 4 of the Dungeon)

   Will:      It increases your willpower.
Armour
 i - a +2 robe of willpower (worn)
Jewellery
 n - an amulet of reflection (around neck)
Scrolls
 b - a scroll of silence {unknown}
 d - a scroll of magic mapping {unknown}
 e - a scroll of enchant armour {unknown}
Potions
 f - 2 potions of ambrosia {unknown}
 g - a potion of brilliance
 k - a potion of flight {unknown}
 l - a potion of attraction {unknown}
 m - a potion of degeneration {unknown}


   Skills:
 - Level 0.7 Fighting
 + Level 4.9 Polearms
 - Level 3.1 Dodging
 - Level 1.4 Stealth
 - Level 4.4 Spellcasting
 - Level 5.5 Conjurations
 - Level 5.5 Fire Magic


You had 8 spell levels left.
You knew the following spells:

 Your Spells              Type           Power      Damage    Failure   Level
a - Foxfire               Conj/Fire      100%       2x1d9     1%          1
b - Scorch                Fire           50%        2d7       1%          2
c - Flame Wave            Conj/Fire      25%        2d8       14%         4

Your spell library contained the following spells:

 Spells                   Type           Power      Damage    Failure   Level
 Inner Flame              Hex/Fire       14%        N/A       13%         3
 Volatile Blastmotes      Fire/Tloc      28%        2d12      13%         3
 Vhi's Electric Charge    Tloc/Air       8%         N/A       36%         3
 Arcjolt                  Conj/Air       7%         1d17      75%         5
 Plasma Beam              Fire/Air       7%         2x1d19    100%        6


Dungeon Overview and Level Annotations

Branches:
Dungeon (5/15) Zot: 1486
 Temple: D:4-7

Altars:
Cheibriados
Yredelemnul


Innate Abilities, Weirdness & Mutations

You passively map a small area around you.
You are easily found by Zot.
You glow in the dark.
You regain HP and MP as you explore.


Message History

A hound comes into view.
Casting: Foxfire (safe; 1% risk of failure)
Confirm with . or Enter, or press ? or * to list all spells.
Flames lash the iguana.
The iguana is severely wounded.
The iguana's fire resistance burns away.
The hound barks!
You feel sick.
The foxfire hits the iguana.
The iguana is severely wounded.
The foxfire hits the iguana but does no damage.
The iguana is severely wounded.
Reach: c) +0 halberd
Press: ? - help, Dir - move target
Okay, then.
You feel sick.
Reach: c) +0 halberd
Press: ? - help, Dir - move target, f - iguana
Aim: an iguana (severely wounded, more vulnerable to fire, about 44% to evade your +0 halberd)
You reach to attack!
You puncture the iguana!
You kill the iguana!
You feel sick.
Okay, then.
Reach: c) +0 halberd
Press: ? - help, Dir - move target, f - hound
Aim: a hound (about 62% to evade your +0 halberd)
You reach to attack!
You closely miss the hound.
You feel sick. The hound closely misses you.
Your magical contamination has completely faded away.
You feel very mighty all of a sudden.
You feel sick. The hound bites you.
* * * LOW HITPOINT WARNING * * *
You closely miss the hound.
You feel sick. The hound bites you.
* * * LOW HITPOINT WARNING * * *
The hound barely misses you.
Casting: Scorch (safe; 1% risk of failure)
Confirm with . or Enter, or press ? or * to list all spells.
You conjure some foxfire!
* * * LOW HITPOINT WARNING * * *
You feel sick. The hound bites you but does no damage. The hound bites you.
You die...

..............# *
,#.....
............#.###
#.......###
..###...........##
#........# ###
#..~.~....#..###
#.o..o...# ,
....~.~.....#...#
#o.......#
,.#...~.~.....###.##
#...o.....
##.P~P~..##.###..#
#..........
#......P.....v...#
#.....o....
.............@...#*
,
...####....hv......#
, #...)....###... *
, #........# * >. *
, ,* ,#........# * .
, #........# *
..........# , , ,
..........# ,


You could see a hound (ally target).

Vanquished Creatures
  A human (D:3)
  An ogre (D:5)
  Blork the orc (D:5)
  An orc priest (D:5)
  2 hounds (D:5)
  A jelly (D:4)
  2 orc wizards (D:5)
  A human skeleton (D:3)
  3 iguanas
  4 gnolls (D:5)
  4 adders
  An ufetubus (D:5)
  11 orcs
  A bat (D:2)
  7 endoplasms
  3 giant cockroaches (D:4)
  3 hobgoblins
  5 kobolds
  3 ball pythons
  2 frilled lizards
  3 goblins (D:4)
  A rat (D:1)
61 creatures vanquished.

Vanquished Creatures (others)
  127 foxfires
127 creatures vanquished.

Grand Total: 188 creatures vanquished

Notes
Turn   | Place    | Note
-------+----------+-------------------------------------------
     0 | D:1      | hawla the Meteoran Fire Elementalist began the quest for
                  | the Orb.
     0 | D:1      | Reached XP level 1. HP: 14/14 MP: 5/5
    79 | D:1      | Reached XP level 2. HP: 20/20 MP: 2/6
    82 | D:1      | Learned a level 2 spell: Scorch
   331 | D:2      | Reached XP level 3. HP: 9/26 MP: 2/8
   407 | D:3      | Found a runed translucent door.
   407 | D:3      | Noticed a human
   410 | D:3      | Reached XP level 4. HP: 24/33 MP: 2/10
   411 | D:3      | Found a basalt altar of Yredelemnul.
   422 | D:3      | Killed a human
   423 | D:3      | Reached skill level 5 in Fire Magic
   423 | D:3      | Reached XP level 5. HP: 34/39 MP: 1/12
   423 | D:3      | Reached XP level 6. HP: 40/46 MP: 1/13
   461 | D:3      | Learned a level 4 spell: Flame Wave
   695 | D:4      | Found a snail-covered altar of Cheibriados.
   783 | D:4      | Identified the +9 trident of Wounding {flame, Will+}
  1267 | D:5      | Entered Level 5 of the Dungeon
  1275 | D:5      | Noticed an ogre
  1278 | D:5      | Reached skill level 1 in Polearms
  1278 | D:5      | Reached XP level 7. HP: 40/51 MP: 8/14
  1308 | D:5      | Reached skill level 5 in Conjurations
  1492 | D:5      | Noticed Blork the orc
  1500 | D:5      | Killed Blork the orc
  1501 | D:5      | Reached XP level 8. HP: 22/58 MP: 3/15
  1508 | D:5      | HP: 2/58 [hound (3)]
  1509 | D:5      | Slain by a hound

Illustrated notes

Levels and vault maps discovered:
D:1:      dpeg_arrival_pond, layout_loops_ring, nicolae_hexahallways,
          amcnicky_mini_pool_small, glass_columns_b, minmay_octomino_j4
D:2:      layout_loops_ring, chequers_serial_rivers_marsh,
          kennysheep_generic_room_7
D:3:      layout_basic, grunt_temple_overflow_gold_and_silver,
          dk_yredelemnul_ordeal, dreamdust_ecumenical_altar_statues,
          serial_co_window_serial, co_window_paths_b, co_window_paths_a,
          co_window_of_opportunity_a, co_window_corner_a,
          co_window_of_opportunity_a, co_window_broadway_c, co_window_cross_2,
          co_window_unsneaky_path_e, co_window_corner_b, co_window_corner_ca
D:4:      layout_loops_cross, cheibriados_altar_1, skrybe_limestone_x,
          nicolae_figureground_sparkle
D:5:      layout_basic, ebering_ghost_sewer_f, dreamdust_gnoll_farm,
          uniq_menkaure, uniq_blork_the_orc

Skill      XL: |  1  2  3  4  5  6  7 |
---------------+----------------------+-----
Fire Magic     | 4 5 |  5.5
Spellcasting   | 3 4 |  4.4
Dodging        | 3 |  3.1
Conjurations   | 2 4 5 |  5.5
Polearms       | 1 4 |  4.9
Fighting       | |  0.7
Stealth        | |  1.4

Action                     |  1- 3 |  4- 6 |  7- 9 || total
---------------------------+-------+-------+-------++-------
  Melee: Unarmed           |     7 |       |       ||     7
         Trident           |       |    17 |     1 ||    18
         Halberd           |       |       |     3 ||     3
   Cast: Foxfire           |    34 |    17 |    27 ||    78
         Scorch            |     1 |     9 |    10 ||    20
         Flame Wave        |       |     1 |     1 ||     2
    Use: Scroll            |       |     4 |     1 ||     5
         Potion            |       |       |     3 ||     3
 Armour: Robe              |     4 |     3 |     3 ||    10
  Dodge: Dodged            |     6 |     8 |     6 ||    20
  Block: Other             |       |       |     3 ||     3
